 Dungeon Crawl Stone Soup version 0.28.0-53-g5a82cb258f (webtiles) character file.

Game seed: 3031483927688200821

812 Sin92 the Chopper (level 7, 0/82 HPs)
             Began as a Demonspawn Fighter on July 31, 2022.
             Was a Follower of Okawaru.
             Slain by Prince Ribbit (4 damage)
             ... on level 5 of the Dungeon.
             The game lasted 00:06:42 (5349 turns).

Sin92 the Chopper (Demonspawn Fighter)              Turns: 5349, Time: 00:06:43

Health: 0/82       AC: 12    Str: 19    XL:     7   Next: 61%
Magic:  7/7        EV:  7    Int:  9    God:    Okawaru [*.....]
Gold:   1193       SH:  5    Dex: 12    Spells: 6/6 levels left

rFire   . . .      SeeInvis .   a - +0 war axe
rCold   . . .      Faith    .   c - +0 buckler
rNeg    . . .      Spirit   .   g - +0 chain mail
rPois   .          Reflect  .   (no helmet)
rElec   .          Harm     .   (no cloak)
rCorr   .          Rampage  .   m - +1 pair of gloves
Will    .....                   (no boots)
Stlth   ..........              f - amulet of regeneration
HPRegen 1.03/turn               (no ring)
MPRegen 0.10/turn               (no ring)

@: mighty, berserking, very quick
A: (demonic guardian 2), sharp scales 1
a: Renounce Religion, Heroism


You were on level 5 of the Dungeon.
You worshipped Okawaru.
Okawaru was aware of your devotion.
You visited 2 branches of the dungeon, and saw 6 of its levels.

You collected 1193 gold pieces.

Inventory:

Hand Weapons
 a - a +0 war axe (weapon)
 i - a +2 flail of draining
 s - a +1 whip of flaming
Armour
 b - a +0 scale mail
 c - a +0 buckler (worn)
 g - a +0 chain mail (worn)
 m - a +1 pair of gloves (worn)
Jewellery
 f - an amulet of regeneration (around neck)
 o - a ring of fire
 p - an amulet of magic regeneration
Scrolls
 q - 2 scrolls of identify
 r - a scroll of fog
 u - a scroll of teleportation
Potions
 d - a potion of might
 e - 4 potions of haste
 h - 5 potions of mutation
 j - a potion of magic
 k - 4 potions of attraction
 l - 2 potions of lignification
 n - 2 potions of brilliance


   Skills:
 + Level 4.8 Fighting
 * Level 5.2 Axes
 + Level 4.4 Armour
 + Level 4.3 Shields


You had 6 spell levels left.
You didn't know any spells.
Your spell library contained the following spells:

 Spells                   Type           Power      Damage    Failure   Level
 Dazzling Flash           Conj/Hex       0%         N/A       100%        3
 Portal Projectile        Hex/Tloc       0%         N/A       100%        3
 Iskenderun's Mystic Bla  Conj/Tloc      0%         2d3       100%        4
 Blade Hands              Tmut           0%         N/A       100%        5
 Excruciating Wounds      Necr           0%         N/A       100%        5
 Starburst                Conj/Fire      0%         6d3       100%        6


Dungeon Overview and Level Annotations

Branches:
Dungeon (5/15)             Temple (1/1) D:4

Altars:
Ashenzari
Cheibriados
Dithmenos
Elyvilon
Gozag
Kikubaaqudgha
Makhleb
Nemelex Xobeh
Okawaru
Qazlal
Ru
Sif Muna
Trog
Vehumet
Wu Jian
Xom
Yredelemnul
The Shining One

Annotations:
D:5 1 runed translucent door, Crazy Yiuf, Prince Ribbit


Innate Abilities, Weirdness & Mutations

((A demonic guardian rushes to your aid.))
You are partially covered in razor-sharp scales. (AC +1, Slay +1)


Message History

No target in view!
Unknown command.
No target in view!
Unknown command.
You hit Prince Ribbit.
Prince Ribbit is lightly wounded.
Prince Ribbit hits you but does no damage.
You block Prince Ribbit's attack.
Prince Ribbit is nearby!
You barely miss Prince Ribbit.
Prince Ribbit is lightly wounded.
Prince Ribbit hits you but does no damage. x2
You completely miss Prince Ribbit. Prince Ribbit hits you!
You closely miss Prince Ribbit. Prince Ribbit hits you.
Prince Ribbit closely misses you.
You miss Prince Ribbit.
Prince Ribbit blinks!
You feel very mighty all of a sudden. Prince Ribbit hits you.
Prince Ribbit hits you but does no damage.
You closely miss Prince Ribbit. Prince Ribbit hits you. Prince Ribbit hits you!
You miss Prince Ribbit. Prince Ribbit hits you!
You closely miss Prince Ribbit. Prince Ribbit hits you. Prince Ribbit hits you!
* * * LOW HITPOINT WARNING * * *
You barely miss Prince Ribbit. You block Prince Ribbit's attack.
Prince Ribbit blinks!
Prince Ribbit blinks!
You barely miss Prince Ribbit. Prince Ribbit hits you!
* * * LOW HITPOINT WARNING * * *
Prince Ribbit hits you but does no damage.
Unknown command.
It was a potion of berserk rage.
A red film seems to cover your vision as you go berserk!
You feel yourself moving faster!
You feel mighty!
Prince Ribbit hits you but does no damage.
You closely miss Prince Ribbit.
Prince Ribbit hits you but does no damage.
You closely miss Prince Ribbit. Prince Ribbit hits you.
* * * LOW HITPOINT WARNING * * *
Prince Ribbit hits you.
You die...

♣♣♣♣ ######.#.##### ######.#.#
##### #######...##.#.#### ....#
#...##.......<....#
###.###...##.##.#..#.##.### #
#..................#......#######
....##.#........#..####.#........
..#.##.#.##..##.#.......#########
..#......##....F@..######
....##......##...###
......<####.#.....##
.#####.............# ,**
#.#.##>.......#
,,***#)#.##).#...#.#
,,,,,#.......##.##.#
,,,*,#...)[#.##.#*.#
**,*,#...<.#.##.##.##


You could see Prince Ribbit.

Vanquished Creatures
  Grinder (D:3)
  A black bear (D:5)
  A centaur (D:4)
  2 scorpions (D:4)
  A bullfrog zombie (D:5)
  A hound (D:4)
  A bullfrog skeleton (D:5)
  A jelly (D:4)
  A scorpion zombie (D:5)
  An orc wizard (D:4)
  4 adders
  3 gnolls (D:3)
  An ufetubus (D:4)
  An adder skeleton (D:4)
  3 dart slugs
  9 orcs
  5 ball pythons
  2 bats
  7 endoplasms
  3 giant cockroaches
  4 goblins
  8 hobgoblins
  6 kobolds
  2 quokkas
  6 frilled lizards
  A jackal skeleton (D:4)
  7 rats
83 creatures vanquished.

Notes
Turn   | Place    | Note
-------+----------+-------------------------------------------
     0 | D:1      | Sin92 the Demonspawn Fighter began the quest for the Orb.
     0 | D:1      | Reached XP level 1. HP: 18/18 MP: 1/1
   262 | D:1      | Reached skill level 2 in Axes
   406 | D:1      | Gained mutation: A weak demonic guardian rushes to your
                  | aid. [demonic ancestry]
   406 | D:1      | Reached XP level 2. HP: 24/24 MP: 2/2
   876 | D:1      | Found a shimmering altar of Xom.
  1046 | D:2      | Reached XP level 3. HP: 12/29 MP: 3/3
  2029 | D:2      | Found a faded altar of an unknown god.
  2441 | D:3      | Reached XP level 4. HP: 35/35 MP: 4/4
  2995 | D:3      | Reached skill level 3 in Axes
  3322 | D:3      | Noticed Grinder
  3336 | D:3      | Killed Grinder
  3337 | D:3      | Reached skill level 4 in Axes
  3337 | D:3      | Gained mutation: You are partially covered in razor-sharp
                  | scales. (AC +1, Slay +1) [demonic ancestry]
  3337 | D:3      | Reached XP level 5. HP: 12/42 MP: 5/5
  3337 | D:3      | Reached XP level 6. HP: 14/48 MP: 6/6
  4055 | D:4      | Found a staircase to the Ecumenical Temple.
  4109 | Temple   | Entered the Ecumenical Temple
  4154 | Temple   | Became a worshipper of Warmaster Okawaru
  4427 | D:5      | Entered Level 5 of the Dungeon
  4428 | D:5      | Noticed Prince Ribbit
  4429 | D:5      | Identified a scroll of acquirement
  4429 | D:5      | Acquired 910 gold pieces
  4703 | D:5      | Gained mutation: A demonic guardian rushes to your aid.
                  | [demonic ancestry]
  4703 | D:5      | Reached XP level 7. HP: 33/55 MP: 7/7
  4859 | D:4      | Reached skill level 5 in Axes
  4891 | D:5      | Reached * piety under Okawaru
  5019 | D:5      | Found a runed translucent door.
  5020 | D:5      | Noticed Crazy Yiuf
  5349 | D:5      | HP: 4/82 [Prince Ribbit (3)]
  5349 | D:5      | Slain by Prince Ribbit

Illustrated notes

Levels and vault maps discovered:
D:1:      dpeg_arrival_water_altar, layout_rooms, minmay_quantized
D:2:      layout_basic, hellmonk_ecumenical_altar_zigzags,
          minmay_stone_trees_medium
D:3:      layout_basic, uniq_grinder
D:4:      layout_basic, minmay_temple_entry_ruins
D:5:      layout_loops_cross, uniq_prince_ribbit1, uniq_crazy_yiuf_cottage
Temple:   nicolae_temple_the_god_donut

Skill      XL: |  1  2  3  4  5  6  7 |
---------------+----------------------+-----
Axes           | 2 4 5 |  5.2
Armour         | 3 4 |  4.4
Shields        | 3 4 |  4.3
Fighting       | 4 |  4.8

Action                   |  1- 3 |  4- 6 |  7- 9 || total
-------------------------+-------+-------+-------++-------
Melee: War axe           |   122 |   133 |    55 ||   310
  Use: Scroll            |     5 |     6 |     2 ||    13
       Potion            |       |     2 |     3 ||     5
Armor: Chain mail        |    73 |    99 |    42 ||   214
       Scale mail        |     4 |       |       ||     4
Dodge: Dodged            |    36 |    61 |    23 ||   120
Block: Buckler           |    29 |    42 |    14 ||    85
